 Dungeon Crawl Stone Soup version 0.29-a0-872-g797fff5ad1 (webtiles) character file.

Game seed: 13790775151971272396

3304 kevlar127 the Grappler (level 9, 0/97 HPs)
             Began as a Troll Berserker on July 18, 2022.
             Was a High Priest of Trog.
             Slain by a sky beast (6 damage)
             ... on level 7 of the Dungeon on July 19, 2022.
             The game lasted 00:11:01 (6076 turns).

kevlar127 the Grappler (Troll Berserker)            Turns: 6076, Time: 00:11:01

Health: 0/97       AC:  9    Str: 31    XL:     9   Next: 70%
Magic:  8/8        EV: 10    Int:  3    God:    Trog [*****.]
Gold:   688        SH:  0    Dex:  9    Spells: 8/8 levels left

rFire   . . .      SeeInvis .     - Unarmed
rCold   . . .      Faith    .   (no shield)
rNeg    + . .      Spirit   .   K - +0 acid dragon scales
rPois   .          Reflect  .   (helmet restricted)
rElec   .          Harm     .   m - +0 cloak
rCorr   +          Rampage  .   (gloves unavailable)
Will    .....                   (boots unavailable)
Stlth   +.........              (no amulet)
HPRegen 1.06/turn               q - ring of positive energy
MPRegen 0.11/turn               (no ring)

@: on berserk cooldown, slowed, very slow
A: large, unfitting armour, claws 3, regeneration 1, shaggy fur 1, tough skin 1
a: Renounce Religion, Berserk, Trog's Hand, Brothers in Arms


You were on level 7 of the Dungeon.
You worshipped Trog.
Trog was extremely pleased with you.
You visited 1 branch of the dungeon, and saw 7 of its levels.
You also visited: Ossuary.

You collected 688 gold pieces.

Inventory:

Missiles
 c - 46 stones (quivered)
 p - 13 poisoned darts
 u - 2 atropa-tipped darts
 v - 8 boomerangs
 F - a throwing net
 J - 4 curare-tipped darts
Armour
 m - a +0 cloak (worn)
 K - +0 acid dragon scales (worn)
Jewellery
 q - a ring of positive energy (left claw)
Wands
 y - a wand of digging (9)
 B - a wand of light (33)
 D - a wand of roots (12)
 I - a wand of mindburst (12)
Scrolls
 f - a scroll of fear {unknown}
 g - a scroll of magic mapping {unknown}
 h - 5 scrolls of fog {unknown}
 j - 3 scrolls of teleportation {unknown}
 k - a scroll of enchant weapon {unknown}
 n - 3 scrolls of vulnerability {unknown}
 o - 8 scrolls of identify {unknown}
 r - 2 scrolls of blinking {unknown}
 s - a scroll of summoning {unknown}
 w - a scroll of torment {unknown}
 A - 2 scrolls of noise {unknown}
 C - a scroll of amnesia {unknown}
 H - 2 scrolls of poison {unknown}
Potions
 a - a potion of mutation {unknown}
 b - a potion of might {unknown}
 d - 3 potions of curing {unknown}
 e - 3 potions of brilliance {unknown}
 i - 2 potions of flight {unknown}
 l - 7 potions of lignification {unknown}
 t - 5 potions of heal wounds {unknown}
 x - a potion of degeneration {unknown}
 z - a potion of haste {unknown}
 E - a potion of ambrosia {unknown}
 G - 2 potions of attraction {unknown}


   Skills:
 + Level 8.5 Fighting
 - Level 3.0 Dodging
 + Level 10.1 Unarmed Combat


You had 8 spell levels left.
You didn't know any spells.
Your spell library was empty.

Dungeon Overview and Level Annotations

Branches:
Dungeon (7/15)            Ossuary (visited)
 Temple: D:4-7

Altars:
Ashenzari
Elyvilon

Shops:
D:1 :


Innate Abilities, Weirdness & Mutations

You are too large for most types of armour.
You have claws for hands.
Your natural rate of healing is unusually fast.
You are covered in fur. (AC +1)
You have tough skin. (AC +1)


Message History

The orc warrior closely misses you.
You barely miss the orc warrior.
The orc warrior is moderately wounded.
You mangle the orc warrior!!
You kill the orc warrior!
Trog accepts your kill. Something hits you but does no damage.
The orc hits you but does no damage.
You hear some strange, mumbled words.
Something tries to affect you, but you resist.
You claw the orc!
You kill the orc!
Trog accepts your kill.
You miss something.
Something hits you but does no damage. x2
You barely miss something. Your claw misses something.
Something hits you but does no damage.
You hear some strange, mumbled words.
You are confused.
You feel a strong urge to attack something.
Something hits you but does no damage.
You are no longer berserk.
You are exhausted.
You feel yourself slow down. Something hits you but does no damage.
A magic dart appears from out of thin air!
The magic dart hits you.
* * * LOW HITPOINT WARNING * * *
You're too confused to move!
Something hits you.
* * * LOW HITPOINT WARNING * * *
Something shocks you.
* * * LOW HITPOINT WARNING * * *
Something hits you.
* * * LOW HITPOINT WARNING * * *
You scratch something.
You feel less confused.
A sky beast appears from thin air!
Reactivating autopickup.
The sky beast hits you.
* * * LOW HITPOINT WARNING * * *
The sky beast shocks you.
You die...

#######..........#.P.............
###..........#.P..##....#####
#.'<.........#...###....#
#.#............P.###....#
#.#.......#......#......#
.#+#..............#......#
...<.............P........#
.................P...........
..........!...{@..P.........##
..............Y...P.........+
.........)..................#
.........))..................
.....##.........._.......... .$..
#............[........ ..
#................
+....≈......P....
#.......##..P...


You could see a sky beast.

Vanquished Creatures
  Maggie (D:6)
  Eustachio (D:5)
  Edmund (D:6)
  A water moccasin (D:7)
  A black bear (D:5)
  An orc warrior (D:7)
  2 ice beasts
  3 ogres
  A centaur (D:6)
  3 phantoms
  A kobold brigand (D:7)
  4 bullfrogs (D:6)
  2 necrophages
  3 scorpions
  4 wights (D:4)
  4 jellies
  2 hounds (D:6)
  A gnoll bouda (D:4)
  2 orc priests (D:7)
  4 iguanas
  7 orc wizards
  8 mummies (Ossuary)
  Robin (D:3)
  4 gnolls (D:4)
  6 adders
  A white imp (D:6)
  A worm (D:2)
  4 dart slugs
  27 orcs
  8 bats
  11 endoplasms
  3 giant cockroaches
  14 goblins
  14 hobgoblins
  2 quokkas
  4 ball pythons
  3 frilled lizards
  2 gnoll zombies (Ossuary)
  A goblin zombie (D:4)
  2 hobgoblin zombies (Ossuary)
  9 kobolds
  A kobold zombie (Ossuary)
  3 orc zombies (Ossuary)
  A quokka zombie (D:4)
  7 rats
186 creatures vanquished.

Vanquished Creatures (others)
  A plant (D:7)
1 creature vanquished.

Grand Total: 187 creatures vanquished

Notes
Turn   | Place    | Note
-------+----------+-------------------------------------------
     0 | D:1      | kevlar127 the Troll Berserker began the quest for the Orb.
     0 | D:1      | Reached XP level 1. HP: 22/22 MP: 0/0
   220 | D:1      | Reached XP level 2. HP: 29/29 MP: 1/1
   597 | D:1      | Found Nuel's Book Boutique.
   599 | D:1      | Reached XP level 3. HP: 36/36 MP: 2/2
  1164 | D:2      | Reached ** piety under Trog
  1186 | D:2      | Identified the +1 ring mail of Zaihueba {rElec Stlth+}
  1241 | D:2      | Reached XP level 4. HP: 30/45 MP: 3/3
  2005 | D:3      | Noticed Robin
  2016 | D:3      | Reached skill level 4 in Unarmed Combat
  2030 | D:3      | Killed Robin
  2299 | D:3      | Reached XP level 5. HP: 53/53 MP: 4/4
  2455 | D:3      | Found a faded altar of an unknown god.
  2525 | D:3      | Reached *** piety under Trog
  2722 | D:4      | Noticed a phantom
  2728 | D:4      | Killed a phantom
  2729 | D:4      | Reached skill level 5 in Unarmed Combat
  2729 | D:4      | Reached XP level 6. HP: 62/62 MP: 5/5
  2747 | D:4      | Found a white marble altar of Elyvilon.
  2769 | D:4      | Found a sand-covered staircase.
  2779 | Ossuary  | Entered an ossuary
  3406 | D:4      | Reached XP level 7. HP: 36/71 MP: 6/6
  3742 | D:4      | Reached skill level 5 in Fighting
  3742 | D:4      | Reached skill level 6 in Unarmed Combat
  4067 | D:5      | Entered Level 5 of the Dungeon
  4080 | D:5      | Reached **** piety under Trog
  4081 | D:5      | Reached skill level 7 in Unarmed Combat
  4081 | D:5      | Reached XP level 8. HP: 82/83 MP: 7/7
  4182 | D:5      | Noticed Eustachio
  4195 | D:5      | Killed Eustachio
  4256 | D:5      | Reached skill level 8 in Unarmed Combat
  4686 | D:6      | Noticed Maggie
  4699 | D:6      | Killed Maggie
  4777 | D:6      | Reached XP level 9. HP: 90/93 MP: 8/8
  4922 | D:6      | Reached skill level 9 in Unarmed Combat
  4985 | D:6      | Noticed Edmund
  4997 | D:6      | Killed Edmund
  5871 | D:7      | Reached ***** piety under Trog
  5971 | D:7      | Found a broken altar of Ashenzari.
  5992 | D:7      | Reached skill level 10 in Unarmed Combat
  6076 | D:7      | Slain by a sky beast

Illustrated notes

Levels and vault maps discovered:
D:1:      lemuel_arrival_hallway, layout_loops_corners, serial_shops,
          nicolae_shop_trees, dreamdust_wishing_well
D:2:      layout_basic, solitary_fountain, minmay_pentomino_o4
D:3:      layout_rooms, chequers_ecumenical_altar_simple, uniq_robin
D:4:      layout_loops_ring, overflow_temple_1_default, enter_ossuary_4,
          minmay_strange_pillars, minmay_crystal_room
D:5:      layout_rooms, uniq_eustachio
D:6:      layout_basic, st_stairs_12, hangedman_decor_diamond_cutter,
          uniq_maggie, uniq_edmund
D:7:      gammafunk_cloud_chamber, layout_basic, mainiacjoe_overflow_boulevard,
          minmay_temple_entry_nine_rooms

Skill      XL: |  1  2  3  4  5  6  7  8  9 |
---------------+----------------------------+-----
Fighting       | 3 4 6 7 8 |  8.5
Dodging        | 3 |  3.0
Unarmed Combat | 4 5 7 8 10 | 10.1

Action                   |  1- 3 |  4- 6 |  7- 9 || total
-------------------------+-------+-------+-------++-------
Melee: Unarmed           |    96 |   188 |   214 ||   498
       Punch             |     2 |     9 |     3 ||    14
Invok: Berserk           |       |     1 |     2 ||     3
 Stab: Sleeping          |     1 |       |     1 ||     2
Armor: Animal skin       |    33 |    59 |    35 ||   127
       Acid dragon scale |       |       |    63 ||    63
Dodge: Dodged            |    43 |   104 |   128 ||   275

Table legend: (Time is in decaauts)
 A = Elapsed time spent in this place.
 B = Non-inter-level travel time spent in this place.
 C = Inter-level travel time spent in this place.
 D = Time resting spent in this place.
 E = Time spent auto-exploring this place.
 F = Levels seen in this place.
 G = Mean time per level.
                   A        B        C        D        E       F      G
               +--------+--------+--------+--------+--------+-----+--------+
         Total |   6038 |   5775 |    263 |    944 |   3827 |   8 |  754.8 |
       Dungeon |   5517 |   5254 |    263 |    618 |   3709 |   7 |  788.1 |
       Ossuary |    520 |    520 |      0 |    326 |    118 |   1 |  520.0 |
               +--------+--------+--------+--------+--------+-----+--------+

Top non-repeatable levels by time:
     D:1: 1012 daAuts
     D:2: 973 daAuts
     D:6: 889 daAuts
     D:4: 836 daAuts
     D:3: 707 daAuts
     D:5: 595 daAuts
 Ossuary: 520 daAuts
     D:7: 503 daAuts
